 Dungeon Crawl Stone Soup version 0.16-a0-3728-gc6b4a4b (webtiles) character file.

160 Econoterrorist the Poker (level 5, -6/38 HPs)
             Began as a Merfolk Skald on Jan 22, 2015.
             Mangled by a gnoll
             ... wielding a +0 flail
              (10 damage)
             ... on level 2 of the Dungeon.
             The game lasted 00:12:28 (3441 turns).

Econoterrorist the Poker (Merfolk Skald)            Turns: 3441, Time: 00:12:28

Health: -6/38      AC:  2    Str: 12    XL:     5   Next: 41%
Magic:  15/18      EV: 12    Int: 12    God:
Gold:   128        SH:  0    Dex: 14    Spells: 3 memorised, 2 levels left

rFire  . . .     SeeInvis .     j - +1 trident
rCold  . . .     Clarity  .     k - +0 robe (curse)
rNeg   . . .     SustAb   .     (no shield)
rPois  .         Gourm    .     (no helmet)
rElec  .         Spirit   .     (no cloak)
rCorr  .         Warding  .     (no gloves)
rMut   .         Stasis   .     (no boots)
MR     .....                    (no amulet)
Stlth  +.........               (no ring)
                                r - ring of magical power

@: very slightly contaminated, invisible, not resistant to hostile enchantments,
very unstealthy
A: change form in water, swift swim
a: no special abilities


You were on level 2 of the Dungeon.
You were hungry.

You visited 1 branch of the dungeon, and saw 3 of its levels.

You collected 128 gold pieces.

Inventory:

Hand weapons
 h - a +2 halberd of venom
 j - a +1 trident (weapon)
Armour
 b - a +0 leather armour
 k - a cursed +0 robe (worn)
 n - a +3 leather armour
 o - a cursed +0 robe
Jewellery
 r - a ring of magical power (left hand)
Scrolls
 e - a scroll of teleportation
 g - 5 scrolls of identify
Potions
 a - a potion of cure mutation
 i - a potion of agility
 p - 2 potions of restore abilities
Books
 c - a book of Battle

   Spells                             Type                      Level
   a - Infusion                       Charms                       1
   b - Shroud of Golubria             Charms/Translocation         2
   c - Song of Slaying                Charms                       2
   d - Spectral Weapon                Hexes/Charms                 3
   e - Regeneration                   Charms/Necromancy            3
Comestibles
 d - a bread ration
 f - 2 fruits
 l - 2 beef jerkies
 m - a meat ration


   Skills:
 - Level 2.1 Fighting
 - Level 6.0 Polearms
 - Level 0.6 Armour
 - Level 1.3 Dodging
 - Level 2.0 Spellcasting
 + Level 5.1 Charms


You had 2 spell levels left.
You knew the following spells:

 Your Spells              Type           Power        Failure   Level  Hunger
a - Infusion              Chrm           ##....       3%          1    ##.....
b - Shroud of Golubria    Chrm/Tloc      #.........   14%         2    ###....
c - Spectral Weapon       Hex/Chrm       #.......     30%         3    ####...


Dungeon Overview and Level Annotations

Branches:
Dungeon (3/15)

Altars:
Fedhas
Yredelemnul

Annotations:
D:2 exclusion: oklob plant
D:3 EdwardR's ghost, average MiFi; Jessica


Message History

Drink which item? (? for menu, Esc to quit)
You fade into invisibility!
The gnoll closely misses you.
You are very lightly contaminated with residual magic.
You closely miss the gnoll.
The gnoll is severely wounded.
The gnoll closely misses you.
You hit the gnoll but do no damage.
The gnoll is severely wounded.
The gnoll hits you.
* * * LOW HITPOINT WARNING * * *
You hit the gnoll.
You kill the gnoll!
You hit the gnoll.
The gnoll is moderately wounded.
The gnoll closely misses you.
You closely miss the gnoll.
The gnoll is moderately wounded.
The gnoll hits you with a flail!
You die...

#.##.# #.#########.##.
#..#.# #.# #.......
##...# #.######.##.###
#..## #........##.#
#..# ###########.#
#..# #.# #..# #.#
#..############# #.#
#....@g....>...# #.#
#(.#########...###.#
#.########......)#.###
#.....................
##########.......#.###
###.......# #...#####
#####


You could see a gnoll.

Vanquished Creatures
  5 gnolls
  4 adders (D:2)
  A giant mite (D:2)
  4 giant geckos
  2 oozes (D:1)
  An orc (D:3)
  3 giant cockroaches
  5 goblins
  8 hobgoblins
  4 jackals
  A quokka (D:3)
  2 ball pythons (D:3)
  7 bats
  2 giant newts
  6 kobolds
  14 rats
69 creatures vanquished.

Notes
Turn   | Place    | Note
--------------------------------------------------------------
     0 | D:1      | Econoterrorist, the Merfolk Skald, began the quest for the Orb.
     0 | D:1      | Reached XP level 1. HP: 16/16 MP: 3/3
   271 | D:1      | Reached skill level 4 in Polearms
   271 | D:1      | Reached XP level 2. HP: 9/22 MP: 0/4
   619 | D:1      | Learned a level 2 spell: Shroud of Golubria
   750 | D:1      | Reached skill level 5 in Polearms
   750 | D:1      | Reached XP level 3. HP: 25/27 MP: 6/6
   755 | D:1      | Learned a level 3 spell: Spectral Weapon
  1581 | D:2      | Found a basalt altar of Yredelemnul.
  1663 | D:2      | Reached skill level 6 in Polearms
  1753 | D:2      | Reached XP level 4. HP: 29/33 MP: 7/7
  1840 | D:2      | Found a blossoming altar of Fedhas.
  1861 | D:2      | Noticed an oklob plant
  2494 | D:2      | Reached XP level 5. HP: 24/38 MP: 9/9
  3233 | D:3      | Noticed EdwardR's ghost (average MiFi)
  3420 | D:3      | Reached skill level 5 in Charms
  3428 | D:3      | Noticed Jessica
  3441 | D:2      | Mangled by a gnoll

Action                   |  1- 3 |  4- 6 || total
-------------------------+-------+-------++-------
Melee: Spear             |   104 |       ||   104
       Trident           |    30 |    87 ||   117
       Halberd           |       |    33 ||    33
 Cast: Infusion          |     7 |     3 ||    10
       Shroud of Golubri |       |     2 ||     2
  Use: Potion            |       |     3 ||     3
       Scroll            |       |     5 ||     5
 Stab: Sleeping          |       |     1 ||     1
  Eat: Chunk             |     1 |     6 ||     7
       Fruit             |     1 |       ||     1
